| TOP OF THE 1ST |
|
Cleveland Guardians batting - Pitching for Oakland Athletics : RHP Corbin Schenn
|
|
Pitching: RHP Corbin Schenn
|
|
|
Batting: LHB Arvin Dungca
|
0-0: Ball 1-0: Called Strike 1-1: Called Strike 1-2: Foul Ball, location: 2F 1-2: Fly out, F9 (Line Drive, 9, EV 96.2 MPH)
|
|
Batting: LHB Hector Pedroso
|
0-0: Foul Ball, location: 2F 0-1: Swinging Strike 0-2: Ball 1-2: Fly out, F9 (Flyball, 89S, EV 95.0 MPH)
|
|
Batting: RHB Nick Ogle
|
0-0: Ball 1-0: Called Strike 1-1: Ball 2-1: Called Strike 2-2: Strikes out looking
|
| Top of the 1st over - 0 runs, 0 hits, 0 errors, 0 left on base; Cleveland 0 - Oakland 0 |
| BOTTOM OF THE 1ST |
|
Oakland Athletics batting - Pitching for Cleveland Guardians : RHP Risto Pandev
|
|
Pitching: RHP Risto Pandev
|
|
|
Batting: LHB R.J. O'Brien
|
0-0: Foul Ball, location: 2F 0-1: Foul Ball, location: 2F 0-2: Strikes out swinging
|
|
Batting: SHB Quincy Bradford
|
0-0: Called Strike 0-1: Fly out, F4 (Popup, 4, EV 78.1 MPH)
|
|
Batting: SHB Jerry Luckwell
|
0-0: Ball 1-0: Ground out 5-3 (Groundball, 56, EV 78.1 MPH)
|
| Bottom of the 1st over - 0 runs, 0 hits, 0 errors, 0 left on base; Cleveland 0 - Oakland 0 |
| TOP OF THE 2ND |
|
Cleveland Guardians batting - Pitching for Oakland Athletics : RHP Corbin Schenn
|
|
Batting: RHB Christian Blue
|
0-0: Ball 1-0: Foul Ball, location: 2F 1-1: SINGLE (Groundball, 56D, EV 104.4 MPH)
|
|
Batting: RHB Hiroshige Yamada
|
0-0: Swinging Strike 0-1: Grounds into double play, U4-3 (Groundball, 6MS, EV 92.5 MPH)
|
|
Batting: LHB John Harring
|
0-0: Called Strike 0-1: Called Strike 0-2: Ball 1-2: Strikes out swinging
|
| Top of the 2nd over - 0 runs, 1 hit, 0 errors, 0 left on base; Cleveland 0 - Oakland 0 |
| BOTTOM OF THE 2ND |
|
Oakland Athletics batting - Pitching for Cleveland Guardians : RHP Risto Pandev
|
|
Batting: LHB Tom Butterbaugh
|
0-0: Called Strike 0-1: Called Strike 0-2: Ball 1-2: Ball 2-2: DOUBLE (Flyball, 78XD, EV 101.2 MPH)
|
|
Batting: RHB Tommy Baird
|
0-0: Ball 1-0: Called Strike 1-1: Hit by Pitch
|
|
Batting: SHB D.J. Codd
|
0-0: Ball 1-0: Ball 2-0: Foul Ball, location: 2F 2-1: Foul Ball, location: 2F 2-2: Ball 3-2: Strikes out looking
|
|
Batting: RHB Nick Gentzel
|
0-0: Ball 1-0: Called Strike 1-1: Foul Ball, location: 2F 1-2: Foul Ball, location: 2F 1-2: Ball 2-2: Ball 3-2: Base on Balls Tom Butterbaugh to third Tommy Baird to second
|
|
Batting: SHB Ryan Langlois
|
0-0: Ball 1-0: Foul Ball, location: 2F 1-1: Fly out, F8 (Flyball, 8RM, EV 88.8 MPH) Runner from 3rd tags up, SCORES, no throw by CF
|
|
Batting: SHB Ryan Chicoine
|
0-0: Foul Ball, location: 2F 0-1: Ball 1-1: Called Strike 1-2: Ball 2-2: Fly out, F8 (Flyball, 8LD, EV 103.8 MPH)
|
| Bottom of the 2nd over - 1 run, 1 hit, 0 errors, 2 left on base; Cleveland 0 - Oakland 1 |
| TOP OF THE 3RD |
|
Cleveland Guardians batting - Pitching for Oakland Athletics : RHP Corbin Schenn
|
|
Batting: RHB Nick Sharp
|
0-0: Ball 1-0: Called Strike 1-1: Ball 2-1: Ball 3-1: Foul Ball, location: 2F 3-2: Foul Ball, location: 2F 3-2: Foul Ball, location: 2F 3-2: Foul Ball, location: 2F 3-2: Strikes out swinging
|
|
Batting: RHB Rick O'Reilly
|
0-0: Ground out 5-3 (Groundball, 5L, EV 100.6 MPH)
|
|
Batting: RHB Aaron Matthews
|
0-0: Ball 1-0: Ground out 5-3 (Groundball, 56, EV 77.5 MPH)
|
| Top of the 3rd over - 0 runs, 0 hits, 0 errors, 0 left on base; Cleveland 0 - Oakland 1 |
| BOTTOM OF THE 3RD |
|
Oakland Athletics batting - Pitching for Cleveland Guardians : RHP Risto Pandev
|
|
Batting: LHB R.J. O'Brien
|
0-0: Ball 1-0: Ball 2-0: Ball 3-0: Base on Balls
|
|
Batting: SHB Quincy Bradford
|
0-0: Ball 1-0: Called Strike 1-1: Called Strike 1-2: Strikes out swinging
|
|
Batting: SHB Jerry Luckwell
|
0-0: Swinging Strike 0-1: Ball 1-1: Foul Ball, location: 2F 1-2: SINGLE (Line Drive, 5D, EV 96.9 MPH) R.J. O'Brien to second
|
|
Batting: LHB Tom Butterbaugh
|
0-0: Ball 1-0: Foul Ball, location: 2F 1-1: Foul Ball, location: 2F 1-2: Fly out, F9 (Flyball, 9S, EV 86.9 MPH)
|
|
Batting: RHB Tommy Baird
|
0-0: Ball 1-0: Foul Ball, location: 2F 1-1: Foul Ball, location: 2F 1-2: Foul Ball, location: 2F 1-2: Foul Ball, location: 2F 1-2: Foul Ball, location: 2F 1-2: Ball 2-2: Fielders Choice at 2nd, 5-4 (Groundball, 5, EV 100.6 MPH)
|
| Bottom of the 3rd over - 0 runs, 1 hit, 0 errors, 2 left on base; Cleveland 0 - Oakland 1 |
| TOP OF THE 4TH |
|
Cleveland Guardians batting - Pitching for Oakland Athletics : RHP Corbin Schenn
|
|
Batting: LHB Arvin Dungca
|
0-0: Called Strike 0-1: Ground out 4-3 (Groundball, 4D, EV 100.0 MPH)
|
|
Batting: LHB Hector Pedroso
|
0-0: Called Strike 0-1: Fly out, F4 (Line Drive, 4, EV 63.8 MPH)
|
|
Batting: RHB Nick Ogle
|
0-0: Foul Ball, location: 2F 0-1: SINGLE (Groundball, 6D, EV 99.4 MPH)
|
|
Batting: RHB Christian Blue
|
0-0: Ball 1-0: Ball 2-0: Ball 3-0: Called Strike 3-1: Called Strike 3-2: Foul Ball, location: 2F 3-2: Fly out, F7 (Flyball, 7LS, EV 90.0 MPH)
|
| Top of the 4th over - 0 runs, 1 hit, 0 errors, 1 left on base; Cleveland 0 - Oakland 1 |
| BOTTOM OF THE 4TH |
|
Oakland Athletics batting - Pitching for Cleveland Guardians : RHP Risto Pandev
|
|
Batting: SHB D.J. Codd
|
0-0: Fly out, F7 (Line Drive, 78M, EV 94.4 MPH)
|
|
Batting: RHB Nick Gentzel
|
0-0: Called Strike 0-1: SOLO HOME RUN (Flyball, 78XD, EV 103.1 MPH), Distance : 405 ft
|
|
Batting: SHB Ryan Langlois
|
0-0: Ball 1-0: Ball 2-0: Called Strike 2-1: Ball 3-1: Base on Balls
|
|
Batting: SHB Ryan Chicoine
|
0-0: Ball 1-0: Ball 2-0: Grounds into double play, 4-6-3 (Groundball, 4M, EV 101.9 MPH)
|
| Bottom of the 4th over - 1 run, 1 hit, 0 errors, 0 left on base; Cleveland 0 - Oakland 2 |
| TOP OF THE 5TH |
|
Cleveland Guardians batting - Pitching for Oakland Athletics : RHP Corbin Schenn
|
|
Batting: RHB Hiroshige Yamada
|
0-0: Ball 1-0: Fly out, F7 (Flyball, 78M, EV 86.9 MPH)
|
|
Batting: LHB John Harring
|
0-0: Ball 1-0: Ball 2-0: Called Strike 2-1: Ball 3-1: Foul Ball, location: 2F 3-2: Fly out, F8 (Line Drive, 8LM, EV 105.6 MPH)
|
|
Batting: RHB Nick Sharp
|
0-0: Called Strike 0-1: Ground out 1-3 (Groundball, 23, EV 66.2 MPH)
|
| Top of the 5th over - 0 runs, 0 hits, 0 errors, 0 left on base; Cleveland 0 - Oakland 2 |
| BOTTOM OF THE 5TH |
|
Oakland Athletics batting - Pitching for Cleveland Guardians : RHP Risto Pandev
|
|
Batting: LHB R.J. O'Brien
|
0-0: Fly out, F7 (Flyball, 7, EV 90.6 MPH)
|
|
Batting: SHB Quincy Bradford
|
0-0: Called Strike 0-1: Called Strike 0-2: Foul Ball, location: 2F 0-2: Strikes out swinging
|
|
Batting: SHB Jerry Luckwell
|
0-0: Ball 1-0: Ball 2-0: Ball 3-0: Base on Balls
|
|
Batting: LHB Tom Butterbaugh
|
0-0: Ball 1-0: Swinging Strike 1-1: Foul Ball, location: 2F 1-2: Foul Ball, location: 2F 1-2: Ball 2-2: Strikes out swinging
|
| Bottom of the 5th over - 0 runs, 0 hits, 0 errors, 1 left on base; Cleveland 0 - Oakland 2 |
| TOP OF THE 6TH |
|
Cleveland Guardians batting - Pitching for Oakland Athletics : RHP Corbin Schenn
|
|
Batting: RHB Rick O'Reilly
|
0-0: Ball 1-0: Foul Ball, location: 2F 1-1: Ball 2-1: Swinging Strike 2-2: Ground out 5-3 (Groundball, 56, EV 83.8 MPH)
|
|
Batting: RHB Aaron Matthews
|
0-0: Called Strike 0-1: Foul Ball, location: 2F 0-2: Strikes out looking
|
|
Batting: LHB Arvin Dungca
|
0-0: Ball 1-0: Ground out 4-3 (Groundball, 34, EV 104.4 MPH)
|
| Top of the 6th over - 0 runs, 0 hits, 0 errors, 0 left on base; Cleveland 0 - Oakland 2 |
| BOTTOM OF THE 6TH |
|
Oakland Athletics batting - Pitching for Cleveland Guardians : RHP Risto Pandev
|
|
Batting: RHB Tommy Baird
|
0-0: Called Strike 0-1: Ball 1-1: Swinging Strike 1-2: Strikes out swinging
|
|
Batting: SHB D.J. Codd
|
0-0: Swinging Strike 0-1: Ball 1-1: SOLO HOME RUN (Flyball, 9LD, EV 94.4 MPH), Distance : 340 ft
|
|
Batting: RHB Nick Gentzel
|
0-0: Ball 1-0: Ball 2-0: Called Strike 2-1: Ball 3-1: Base on Balls
|
|
Batting: SHB Ryan Langlois
|
0-0: Ball 1-0: Swinging Strike 1-1: Ball 2-1: Ball 3-1: Base on Balls Nick Gentzel to second
|
|
Pitching: LHP Rene Eenkhoorn
|
|
|
Batting: SHB Ryan Chicoine
|
0-0: Ball 1-0: Called Strike 1-1: Fielders Choice at 2nd, 1-4 (Groundball, 15S, EV 72.5 MPH) Nick Gentzel to third
|
|
Batting: LHB R.J. O'Brien
|
0-0: Foul Ball, location: 2F 0-1: Ball 1-1: Ball 2-1: Called Strike 2-2: Foul Ball, location: 2F 2-2: Ball 3-2: Fly out, F4 (Line Drive, 4D, EV 70.0 MPH)
|
| Bottom of the 6th over - 1 run, 1 hit, 0 errors, 2 left on base; Cleveland 0 - Oakland 3 |
| TOP OF THE 7TH |
|
Cleveland Guardians batting - Pitching for Oakland Athletics : RHP Corbin Schenn
|
|
Now at 3B: Al Hernandez
|
|
|
Now at SS: Jerry Luckwell
|
|
|
Batting: LHB Hector Pedroso
|
0-0: Ball 1-0: Called Strike 1-1: Ball 2-1: Foul Ball, location: 2F 2-2: Foul Ball, location: 2F 2-2: Ball 3-2: SINGLE (Flyball, 8LS, EV 95.0 MPH)
|
|
Batting: RHB Nick Ogle
|
0-0: Ball 1-0: Ball 2-0: Fly out, F7 (Flyball, BS2, EV 111.2 MPH)
|
|
Batting: RHB Christian Blue
|
0-0: Foul Ball, location: 2F 0-1: Called Strike Hector Pedroso steals 2nd base 0-2: Foul Ball, location: 2F 0-2: Foul Ball, location: 2F 0-2: Ball 1-2: Foul Ball, location: 2F 1-2: Ball 2-2: DOUBLE (Groundball, 5L, EV 111.2 MPH) Hector Pedroso scores
|
|
Batting: RHB Hiroshige Yamada
|
0-0: Called Strike 0-1: Ball 1-1: Ball 2-1: Swinging Strike 2-2: Ground out 6-3 (Groundball, 56, EV 105.6 MPH)
|
|
Batting: LHB John Harring
|
0-0: Called Strike 0-1: Ball 1-1: Swinging Strike 1-2: Strikes out swinging
|
| Top of the 7th over - 1 run, 2 hits, 0 errors, 1 left on base; Cleveland 1 - Oakland 3 |
| BOTTOM OF THE 7TH |
|
Oakland Athletics batting - Pitching for Cleveland Guardians : LHP Rene Eenkhoorn
|
|
Batting: SHB Quincy Bradford
|
0-0: Fly out, F7 (Flyball, 7, EV 80.6 MPH)
|
|
Batting: SHB Jerry Luckwell
|
0-0: Called Strike 0-1: SOLO HOME RUN (Flyball, 89XD, EV 108.8 MPH), Distance : 414 ft
|
|
Batting: LHB Tom Butterbaugh
|
0-0: Called Strike 0-1: Foul Ball, location: 2F 0-2: Ball 1-2: Strikes out swinging
|
|
Batting: RHB Tommy Baird
|
0-0: Foul Ball, location: 2F 0-1: Swinging Strike 0-2: Strikes out looking
|
| Bottom of the 7th over - 1 run, 1 hit, 0 errors, 0 left on base; Cleveland 1 - Oakland 4 |
| TOP OF THE 8TH |
|
Cleveland Guardians batting - Pitching for Oakland Athletics : RHP Corbin Schenn
|
|
Pitching: RHP Joe Bradford
|
|
|
Batting: RHB Nick Sharp
|
0-0: Ball 1-0: Called Strike 1-1: Foul Ball, location: 2F 1-2: SINGLE (Line Drive, 78S, EV 87.5 MPH)
|
|
Pinch Hitting: SHB Pete Barutha
|
0-0: Foul Ball, location: 2F 0-1: Fly out, F8 (Flyball, 8LXD, EV 86.2 MPH)
|
|
Pinch Hitting: LHB Brent Albertson
|
0-0: Called Strike 0-1: Ball 1-1: Ball 2-1: Called Strike 2-2: Fielders Choice at 2nd, 1-6 (Groundball, 13, EV 72.5 MPH)
|
|
Batting: LHB Arvin Dungca
|
0-0: Foul Ball, location: 2F 0-1: Ball 1-1: Called Strike 1-2: Foul Ball, location: 2F 1-2: Foul Ball, location: 2F 1-2: Ball 2-2: Fly out, F3 (Line Drive, 3, EV 70.6 MPH)
|
| Top of the 8th over - 0 runs, 1 hit, 0 errors, 1 left on base; Cleveland 1 - Oakland 4 |
| BOTTOM OF THE 8TH |
|
Oakland Athletics batting - Pitching for Cleveland Guardians : LHP Rene Eenkhoorn
|
|
Now at SS: Jasper Burd
|
|
|
Now in CF: Pete Barutha
|
|
|
Batting: SHB D.J. Codd
|
0-0: Foul Ball, location: 2F 0-1: Swinging Strike 0-2: Strikes out looking
|
|
Batting: RHB Nick Gentzel
|
0-0: Ball 1-0: Foul Ball, location: 2F 1-1: Called Strike 1-2: Ground out 5-3 (Groundball, 15, EV 86.9 MPH)
|
|
Batting: LHB Al Hernandez
|
0-0: Foul Ball, location: 2F 0-1: Foul Ball, location: 2F 0-2: Fly out, F5 (Popup, 56S, EV 68.8 MPH)
|
| Bottom of the 8th over - 0 runs, 0 hits, 0 errors, 0 left on base; Cleveland 1 - Oakland 4 |
| TOP OF THE 9TH |
|
Cleveland Guardians batting - Pitching for Oakland Athletics : RHP Joe Bradford
|
|
Pitching: RHP Elijah Daniels
|
|
|
Batting: LHB Hector Pedroso
|
0-0: Ball 1-0: Foul Ball, location: 2F 1-1: Ball 2-1: Ball 3-1: Reached on error, E3 (Groundball, 3, EV 79.4 MPH)
|
|
Batting: RHB Nick Ogle
|
0-0: SINGLE (Line Drive, 3L, EV 101.2 MPH) Hector Pedroso to second
|
|
Batting: RHB Christian Blue
|
0-0: Swinging Strike 0-1: Ball 1-1: Called Strike 1-2: Strikes out looking
|
|
Batting: RHB Hiroshige Yamada
|
0-0: Ball 1-0: SINGLE (Line Drive, 7S, EV 108.8 MPH) Hector Pedroso to third Nick Ogle to second
|
|
Batting: LHB John Harring
|
0-0: Called Strike 0-1: Foul Ball, location: 2F 0-2: Ball 1-2: Fly out, F7 (Line Drive, 78M, EV 87.5 MPH)
|
|
Batting: RHB Nick Sharp
|
0-0: Ball 1-0: Called Strike 1-1: SINGLE (Line Drive, 9LS, EV 98.8 MPH) Hector Pedroso scores Nick Ogle to third Hiroshige Yamada to second
|
|
Batting: SHB Pete Barutha
|
0-0: Called Strike 0-1: Ball 1-1: Fly out, F8 (Flyball, 8RD, EV 107.5 MPH)
|
| Top of the 9th over - 1 run, 3 hits, 1 error, 3 left on base; Cleveland 2 - Oakland 4 |
|